 Dungeon Crawl Stone Soup version 0.30-a0-778-g2ef04afb54 (webtiles) character file.

Game seed: 18331772258641657070

10 hikkokomori the Magician (level 2, -4/16 HPs)
             Began as a Gargoyle Hedge Wizard on Feb 16, 2023.
             Slain by a gnoll
             ... wielding a +0 flail
              (6 damage)
             ... on level 1 of the Dungeon.
             The game lasted 00:01:09 (357 turns).

hikkokomori the Magician (Gargoyle Hedge Wizard)     Turns: 357, Time: 00:01:10

Health: -4/16      AC:  4    Str: 13    XL:     2   Next: 20%
Magic:  6/6        EV: 11    Int: 14    God:
Gold:   22         SH:  0    Dex:  9    Spells: 6/7 levels left

rFire   . . .      SeeInvis .    f - +0 dagger (venom)
rCold   . . .      Faith    .    (no shield)
rNeg    + . .      Spirit   .    b - +0 robe
rPois   ∞          Reflect  .    c - +0 hat
rElec   +          Harm     .    (no cloak)
rCorr   .          Rampage  .    (no gloves)
Will    .....                    (no boots)
Stlth   ++                       (no amulet)
HPRegen 0.22/turn                (no ring)
MPRegen 0.10/turn                (no ring)

@: no status effects
A: sickness immunity, AC +2, negative energy resistance 1, electricity
resistance, torment resistance 1, petrification resistance
a: no special abilities


You were on level 1 of the Dungeon.
You visited 1 branch of the dungeon, and saw 1 of its levels.

You collected 22 gold pieces.

Inventory:

Hand Weapons
 a - a +0 dagger
 f - a +0 dagger of venom (weapon)
Missiles
 e - 5 poisoned darts
Armour
 b - a +0 robe (worn)
 c - a +0 hat (worn)
Scrolls
 h - a scroll of magic mapping {unknown}
Potions
 d - a potion of magic
 g - 2 potions of degeneration {unknown}


   Skills:
 + Level 0.4 Fighting
 - Level 1.5 Dodging
 + Level 2.3 Stealth
 + Level 3.1 Spellcasting
 + Level 1.4 Conjurations
 + Level 1.1 Summonings
 + Level 1.1 Translocations


You had 6 spell levels left.
You knew the following spells:

 Your Spells              Type           Power      Damage    Failure   Level
a - Magic Dart            Conj           24%        1d4       12%         1

Your spell library contained the following spells:

 Spells                   Type           Power      Damage    Failure   Level
 Blink                    Tloc           10%        N/A       21%         2
 Call Imp                 Summ           5%         N/A       21%         2
 Slow                     Hex            8%         N/A       22%         1
 Mephitic Cloud           Conj/Pois/Air  3%         N/A       47%         3
 Cigotuvi's Dreadful Rot  Necr/Pois/Air  Unusable   N/A       N/A         2

Dungeon Overview and Level Annotations

Branches:
Dungeon (1/15)

Altars:


Innate Abilities, Weirdness & Mutations

You are immune to sickness and miasma.
Your stone body is resilient. (AC +2)
You are immune to poison.
You resist negative energy. (rN+)
You are resistant to electric shocks. (rElec)
You are resistant to unholy torment.
You are immune to petrification.


Message History

No target in view!
No target in view!
No target in view!
No target in view!
No target in view!
No target in view!
No target in view!
No target in view!
No target in view!
No target in view!
g - 2 metallic coppery potions
Found a leather armour.
You open the door.
There is an open door here.
h - a scroll labelled SIYTAOHENI You open the door.
A gnoll comes into view. It is wielding a +0 flail.
Found a leather armour.
A gnoll is nearby!
A gnoll is nearby!
The gnoll hits you with a +0 flail!
Ouch! That really hurt!
There is an open door here.
You are too injured to fight recklessly!
You are too injured to fight recklessly!
You are too injured to fight recklessly!
You are too injured to fight recklessly!
You are too injured to fight recklessly!
You are too injured to fight recklessly!
You are too injured to fight recklessly!
You are too injured to fight recklessly!
You are too injured to fight recklessly!
You are too injured to fight recklessly!
You are too injured to fight recklessly!
You are too injured to fight recklessly!
You are too injured to fight recklessly!
You closely miss the gnoll. The gnoll hits you with a +0 flail.
* * * LOW HITPOINT WARNING * * *
The gnoll attacks as you move away! The gnoll hits you with a +0 flail.
You die...

# ####### ##### .......
#########.... .......
#.......'.... .......
#.#######.... .......
#.#######.... .......
#.........†##
....[.g#####..........##
.......@..............'.
.......#####..........##
....... #............
####### #.#######....
#.# #.... #.# ##### #+#


You could see a gnoll.

Vanquished Creatures
  2 endoplasms (D:1)
  A goblin (D:1)
  2 hobgoblins (D:1)
  A ball python (D:1)
  A bat (D:1)
  A frilled lizard (D:1)
  2 rats (D:1)
10 creatures vanquished.

Notes
Turn   | Place    | Note
-------+----------+-------------------------------------------
     0 | D:1      | hikkokomori the Gargoyle Hedge Wizard began the quest for
                  | the Orb.
     0 | D:1      | Reached XP level 1. HP: 10/10 MP: 4/4
    50 | D:1      | Reached skill level 1 in Translocations
   110 | D:1      | Reached skill level 1 in Summonings
   161 | D:1      | Reached XP level 2. HP: 9/16 MP: 0/6
   357 | D:1      | Slain by a gnoll

Illustrated notes

Levels and vault maps discovered:
D:1:      saegor_arrival_simple_d, layout_basic, ebering_ecumenical_altar_webs

Skill      XL: |  1 |
---------------+----+-----
Translocations | 1 |  1.1
Summonings     | 1 |  1.1
Fighting       | |  0.4
Dodging        | |  1.5
Stealth        | |  2.3
Spellcasting   | |  3.1
Conjurations   | |  1.4

Action                     || total
---------------------------++-------
  Melee: Dagger            ||    34
   Cast: Magic Dart        ||    10
 Armour: Robe              ||    18
  Dodge: Dodged            ||    26

Table legend: (Time is in decaauts)
 A = Elapsed time spent in this place.
 B = Non-inter-level travel time spent in this place.
 C = Inter-level travel time spent in this place.
 D = Time resting spent in this place.
 E = Time spent auto-exploring this place.
 F = Levels seen in this place.
 G = Mean time per level.
                   A        B        C        D        E       F      G
               +--------+--------+--------+--------+--------+-----+--------+
         Total |    357 |    357 |      0 |      0 |    265 |   1 |  357.0 |
       Dungeon |    357 |    357 |      0 |      0 |    265 |   1 |  357.0 |
               +--------+--------+--------+--------+--------+-----+--------+

Top non-repeatable levels by time:
     D:1: 357 daAuts
